 Dungeon Crawl Stone Soup version 0.17-a0-1850-g688e747 (webtiles) character file.

39785 kae the Bludgeoner (level 13, -8/114 HPs)
             Began as a Minotaur Fighter on Sept 19, 2015.
             Was the Champion of Makhleb.
             Mangled by a catoblepas (17 damage)
             ... on level 8 of the Lair of Beasts.
             The game lasted 00:30:13 (19993 turns).

kae the Bludgeoner (Minotaur Fighter)              Turns: 19993, Time: 00:30:13

Health: -8/114     AC: 25    Str: 22    XL:     13   Next: 71%
Magic:  0/21       EV:  6    Int: 12    God:    Makhleb [******]
Gold:   1134       SH:  0    Dex: 15    Spells: 0 memorised, 12 levels left

rFire  x . .     SeeInvis .     a - +6 dire flail (flame)
rCold  . . .     Clarity  .     X - +1 plate armour of Uxiserif {rF- rCorr Int+3} (curse)
rNeg   . . .     SustAt   .     (no shield)
rPois  +         Gourm    .     (helmet restricted)
rElec  .         Spirit   +     m - +0 cloak
rCorr  +         Warding  .     j - +1 pair of gloves {Dex+3}
rMut   .         Stasis   .     f - +2 pair of boots
MR     .....                    w - amulet of guardian spirit
Stlth  ..........               o - ring of poison resistance
                                x - +4 ring of protection

@: not resistant to hostile enchantments, extremely unstealthy
A: retaliatory headbutt, horns 2, clever 1, mutation resistance 1
a: Minor Destruction, Lesser Servant of Makhleb, Major Destruction, Greater
Servant of Makhleb, Renounce Religion


You were on level 8 of the Lair of Beasts.
You worshipped Makhleb.
Makhleb was exalted by your worship.
You were not hungry.

You visited 3 branches of the dungeon, and saw 18 of its levels.
You also visited: Ossuary and Volcano.

You collected 1338 gold pieces.
You spent 204 gold pieces at shops.

Inventory:

Hand weapons
 a - a +6 dire flail of flaming (weapon)
Armour
 c - a +0 shield
 f - a +2 pair of boots (worn)
 j - a +1 pair of gloves of dexterity (worn)
 m - a +0 cloak (worn)
 S - a +2 chain mail of fire resistance
 X - the cursed +1 plate armour of Uxiserif (worn) {rF- rCorr Int+3}
   (You found it on level 1 of the Lair of Beasts)

   It affects your intelligence (+3).
   It makes you vulnerable to fire.
   It protects you from acid and corrosion.
   It has a curse placed upon it.
Jewellery
 o - a ring of poison resistance (right hand)
 w - an amulet of guardian spirit (around neck)
 x - a +4 ring of protection (left hand)
 C - a +3 ring of protection
 I - an uncursed amulet of regeneration
Magical devices
 v - a wand of frost (31)
 y - a wand of magic darts (27)
 H - a wand of magic darts (2)
 M - a wand of draining (9)
 U - a wand of polymorph (22)
 W - a wand of digging (6)
Scrolls
 i - 7 scrolls of remove curse
 n - 2 scrolls of teleportation
 p - 7 scrolls of fog
 u - 8 scrolls of identify
 z - a scroll of blinking
 A - a scroll of amnesia
 B - a scroll of recharging
 D - a scroll of enchant weapon
 F - 2 scrolls of fear
 G - 2 scrolls of magic mapping
Potions
 h - a potion of cure mutation
 l - 3 potions of heal wounds
 r - a potion of agility
 t - 2 potions of haste
 E - 6 potions of magic
 J - a potion of might
 P - 4 potions of berserk rage
 R - 4 potions of resistance
 T - 3 potions of brilliance
 V - 7 potions of curing
 Z - a potion of invisibility
Books
 b - a book of Callings

   Spells                             Type                      Level
   a - Summon Small Mammal            Summoning                    1
   b - Call Imp                       Summoning                    2
   c - Call Canine Familiar           Summoning                    3
   d - Summon Guardian Golem          Hexes/Summoning              3
   e - Summon Lightning Spire         Summoning/Air                4
   f - Summon Ice Beast               Ice/Summoning                4
 L - a book of Summonings

   Spells                             Type                      Level
   a - Recall                         Summoning/Translocation      3
   b - Aura of Abjuration             Summoning                    5
   c - Shadow Creatures               Summoning                    5
   d - Summon Demon                   Summoning                    5
   e - Summon Forest                  Summoning/Translocation      5
   f - Summon Mana Viper              Hexes/Summoning              5
Comestibles
 d - a chunk of flesh
 e - 13 bread rations
 g - 38 fruits
 k - 4 beef jerkies
 q - 2 royal jellies
 s - 4 meat rations


   Skills:
 - Level 10.6 Fighting
 - Level 20.0 Maces & Flails
 - Level 7.0 Armour
 - Level 3.6 Shields
 + Level 12.6 Invocations


You had 12 spell levels left.
You didn't know any spells.

Dungeon Overview and Level Annotations

Branches:
Dungeon (9/15)             Temple (1/1) D:5            Lair (8/8) D:9
 Shoals (0/4) Lair:4       Spider (0/4) Lair:6        Slime (0/6) Lair:8
    Orc (0/4) D:9

Altars:
Ashenzari
Cheibriados
Dithmenos
Elyvilon
Fedhas
Gozag
Kikubaaqudgha
Makhleb
Nemelex Xobeh
Okawaru
Qazlal
Ru
Sif Muna
Trog
Vehumet
Xom
Yredelemnul
Zin
The Shining One
Jiyva

Shops:
D:5 =(=*


Innate Abilities, Weirdness & Mutations

You reflexively headbutt those who attack you in melee.
You have a pair of horns on your head.
Your mind is acute. (Int +2)
You are somewhat resistant to further mutation.


Message History

The blast of calcifying dust hits you!
The black mamba is engulfed in calcifying dust.
The crocodile is engulfed in calcifying dust.
Unknown command.
Unknown command.
The fungus is engulfed in calcifying dust. x2
The black mamba is engulfed in calcifying dust.
The komodo dragon bites you but does no damage.
The crocodile is engulfed in calcifying dust.
The black mamba is engulfed in calcifying dust.
Unknown command.
Unknown command.
You barely miss the komodo dragon.
The komodo dragon is severely wounded.
The fungus is engulfed in calcifying dust.
The fungus turns to stone!
The crocodile is engulfed in calcifying dust.
The komodo dragon bites you but does no damage.
The catoblepas gores you!!
You die...

#.#..P##.###...
##.....P..P.....
##PPP............
#.P..P...P........
#..PP...........?.
#....§............ ###
###.....§.P........
..####.#......§../....#..
P.P.%..........§@....##.#
#P..†...........Yl....P..
...P#...........2........
...###.PP....P..St.......
#..# ##.P....P...........
...##.#P.............$...
....#....................
.........................
.........................


You could see a catoblepas, a komodo dragon, a black mamba (petrified), a
crocodile (petrified) and a friendly green death.

Vanquished Creatures
  Erolcha (Volcano)
  2 hydras
  2 death yaks (Lair:8)
  A hill giant (Volcano)
  A griffon (Lair:7)
  8 black mambas
  A siren (Lair:4)
  5 elephants (Lair:5)
  Joseph (D:9)
  8 spiny frogs
  A torpor snail (Lair:8)
  9 komodo dragons
  2 two-headed ogres (Volcano)
  3 polar bears
  Prince Ribbit (D:7)
  34 yaks
  Sigmund (D:4)
  A deep elf mage (D:8)
  A human (D:8)
  13 blink frogs
  3 fire bats (Lair:6)
  A wyvern (Lair:6)
  6 hippogriffs
  A basilisk (Lair:2)
  4 hungry ghosts
  Grum (D:9)
  A hill giant zombie (D:9)
  Menkaure (D:6)
  10 water moccasins
  14 wolves
  2 ice beasts
  8 porcupines
  An orc warrior (D:7)
  7 ogres
  4 phantoms
  10 crocodiles
  Blork the orc (D:4)
  8 giant frogs
  5 scorpions
  A troll zombie (D:9)
  4 bog bodies (Ossuary)
  6 killer bees (D:9)
  A giant frog zombie (Ossuary)
  A jelly (D:8)
  3 crimson imps
  3 hounds
  10 orc wizards
  2 centaur zombies (Ossuary)
  A wasp zombie (Ossuary)
  3 orc priests
  2 centaur skeletons
  A giant frog skeleton (D:7)
  6 iguanas
  A worker ant (D:5)
  2 killer bee zombies
  18 sheep
  The ghost of MikeDS the Skirmisher, a weakling HOFi (D:3)
  5 ogre zombies (D:9)
  A hound zombie (D:9)
  7 mummies (Ossuary)
  2 worker ant zombies
  3 gnolls (D:3)
  55 river rats
  11 adders
  2 shadow imps
  4 oozes
  2 adder skeletons
  4 adder zombies (Ossuary)
  2 worms
  5 giant geckos
  20 orcs
  6 giant cockroaches
  9 goblins
  7 hobgoblins
  11 jackals
  6 quokkas
  A ball python zombie (Ossuary)
  6 bats
  A giant gecko zombie (Ossuary)
  5 giant newts
  2 goblin skeletons (D:9)
  3 goblin zombies (D:9)
  A hobgoblin skeleton (D:9)
  3 hobgoblin zombies (D:9)
  5 kobolds
  4 orc skeletons (D:9)
  11 orc zombies (D:9)
  2 quokka zombies (Ossuary)
  7 rats
  2 plants (Lair:8)
465 creatures vanquished.

Vanquished Creatures (collateral kills)
  3 hydras
  3 death yaks (Lair:8)
  3 elephants (Lair:5)
  A komodo dragon (Lair:4)
  6 blink frogs
  6 yaks
  5 wolves
  2 porcupines (Lair:4)
  2 water moccasins (Lair:4)
  2 crocodiles (Lair:3)
  3 giant frogs
  A worker ant (D:9)
  4 sheep (Lair:4)
  An ogre zombie (D:9)
  A goblin skeleton (D:9)
43 creatures vanquished.

Vanquished Creatures (others)
  9 fungi
  5 plants
14 creatures vanquished.

Grand Total: 522 creatures vanquished

Notes
Turn   | Place    | Note
--------------------------------------------------------------
     0 | D:1      | kae the Minotaur Fighter began the quest for the Orb.
     0 | D:1      | Reached XP level 1. HP: 19/19 MP: 0/0
    77 | D:1      | You fall through a shaft!
   110 | D:2      | Reached XP level 2. HP: 19/26 MP: 1/1
   466 | D:1      | Reached skill level 4 in Maces & Flails
   722 | D:1      | Reached XP level 3. HP: 29/31 MP: 2/2
  1196 | D:2      | Found a sacrificial altar of Ru.
  1257 | D:2      | Reached skill level 5 in Maces & Flails
  1321 | D:2      | Reached XP level 4. HP: 17/39 MP: 3/3
  2001 | D:3      | HP: 1/39 [jackal (1)]
  2103 | D:3      | Noticed MikeDS's ghost (weakling HOFi)
  2110 | D:3      | Killed MikeDS's ghost
  2110 | D:3      | Reached skill level 6 in Maces & Flails
  2388 | D:3      | Found a glowing golden altar of the Shining One.
  2390 | D:3      | Reached XP level 5. HP: 45/45 MP: 4/4
  2411 | D:3      | Found an ancient bone altar of Kikubaaqudgha.
  2411 | D:3      | Found a snail-covered altar of Cheibriados.
  3052 | D:4      | Reached skill level 7 in Maces & Flails
  3114 | D:4      | Noticed Blork the orc
  3116 | D:4      | Gained mutation: You are somewhat resistant to further mutation. [potion of mutation]
  3116 | D:4      | Gained mutation: Your mind is acute. (Int +2) [potion of mutation]
  3124 | D:4      | Killed Blork the orc
  3124 | D:4      | Reached XP level 6. HP: 29/51 MP: 5/5
  3260 | D:4      | Noticed Sigmund
  3276 | D:4      | Killed Sigmund
  3276 | D:4      | Reached skill level 8 in Maces & Flails
  3469 | D:4      | Noticed an ogre
  3481 | D:4      | Killed an ogre
  3481 | D:4      | Reached skill level 9 in Maces & Flails
  3481 | D:4      | Reached XP level 7. HP: 27/57 MP: 6/6
  4489 | D:5      | Entered Level 5 of the Dungeon
  4531 | D:5      | Found Loning's Jewellery Emporium.
  4607 | D:5      | Reached skill level 10 in Maces & Flails
  4920 | D:5      | Found Tudaghek's Jewellery Shoppe.
  4944 | D:5      | Found Pymmatz's Antique Weapon Emporium.
  4963 | D:5      | Bought a glowing mace for 69 gold pieces
  5054 | D:5      | Reached skill level 10 in Fighting
  5054 | D:5      | Reached skill level 14 in Maces & Flails
  5054 | D:5      | Reached XP level 8. HP: 63/81 MP: 7/7
  5230 | D:5      | Found Sieter's Assorted Antiques.
  5237 | D:5      | Bought a pair of glowing gloves for 135 gold pieces
  5288 | D:5      | Found a staircase to the Ecumenical Temple.
  5590 | Temple   | Entered the Ecumenical Temple
  5787 | Temple   | Became a worshipper of Makhleb the Destroyer
  5846 | D:6      | Noticed Menkaure
  5852 | D:6      | Killed Menkaure
  5852 | D:6      | Reached XP level 9. HP: 44/86 MP: 8/8
  6249 | D:6      | Reached skill level 5 in Armour
  6499 | D:6      | Reached skill level 1 in Invocations
  6705 | D:7      | Noticed Prince Ribbit
  6728 | D:7      | Killed Prince Ribbit
  6824 | D:7      | Acquired Makhleb's first power
  6876 | D:7      | Found a sand-covered staircase.
  6911 | Ossuary  | Entered an ossuary
  7063 | Ossuary  | Acquired Makhleb's second power
  7451 | D:7      | Found a deep blue altar of Sif Muna.
  7509 | D:7      | Reached skill level 5 in Invocations
  7937 | D:8      | Reached XP level 10. HP: 94/94 MP: 13/13
  7986 | D:8      | Found an iron altar of Okawaru.
  8256 | D:8      | Found a sparkling altar of Nemelex Xobeh.
  8398 | D:8      | Acquired Makhleb's third power
  8487 | D:9      | Found a staircase to the Lair.
  8676 | D:9      | Noticed Joseph
  8701 | D:9      | Noticed Grum
  8710 | D:9      | Killed Grum
  8729 | D:9      | Killed Joseph
  8739 | D:9      | Acquired Makhleb's fourth power
  8897 | D:9      | Found a staircase to the Orcish Mines.
  9065 | Lair:1   | Entered Level 1 of the Lair of Beasts
  9159 | Lair:1   | Noticed a five-headed hydra
  9169 | Lair:1   | Killed a five-headed hydra
  9441 | Lair:1   | Reached XP level 11. HP: 101/101 MP: 17/17
  9463 | Lair:1   | Reached skill level 10 in Invocations
  9854 | Lair:1   | Got a pitted plate armour
  9865 | Lair:1   | Identified the cursed +1 plate armour of Uxiserif {rF- rCorr Int+3} (You found it on level 1 of the Lair of Beasts)
 10317 | Lair:1   | Acquired Makhleb's fifth power
 11574 | Lair:2   | Noticed a green death
 11604 | Lair:2   | Noticed a four-headed hydra
 12455 | Lair:2   | Killed a four-headed hydra
 12589 | Lair:2   | Reached skill level 15 in Maces & Flails
 12589 | Lair:2   | Reached XP level 12. HP: 102/108 MP: 20/20
 13377 | Lair:3   | Noticed a six-headed hydra
 13383 | Lair:3   | Killed a six-headed hydra
 13552 | Lair:3   | Reached skill level 16 in Maces & Flails
 14872 | Lair:4   | Reached skill level 17 in Maces & Flails
 14974 | Lair:4   | Found a staircase to the Shoals.
 15432 | Lair:4   | Noticed a seven-headed hydra
 15440 | Lair:4   | Killed a seven-headed hydra
 15530 | Lair:4   | Found a white marble altar of Elyvilon.
 15750 | Lair:4   | Reached skill level 18 in Maces & Flails
 16323 | Lair:5   | Reached XP level 13. HP: 114/114 MP: 21/21
 17273 | Lair:6   | Found a hole to the Spider Nest.
 17588 | Lair:6   | Reached skill level 19 in Maces & Flails
 17594 | Lair:6   | Found a dark tunnel.
 17611 | Volcano  | Entered a volcano
 17744 | Volcano  | Noticed Erolcha
 17760 | Volcano  | Killed Erolcha
 19814 | Lair:8   | Entered Level 8 of the Lair of Beasts
 19828 | Lair:8   | Found a viscous altar of Jiyva.
 19829 | Lair:8   | Found a staircase to the Slime Pits.
 19837 | Lair:8   | Reached skill level 20 in Maces & Flails
 19987 | Lair:8   | HP: 5/114 [catoblepas (11)]
 19993 | Lair:8   | Mangled by a catoblepas

Vault maps used:
D:1:      dpeg_arrival_radiant
D:2:      lemuel_doored_altar, feat_on_display
D:3:      gammafunk_temple_overflow_forgotten, first_bread
D:4:      uniq_sigmund, uniq_blork_the_orc
D:5:      minmay_temple_entry_enclosed_plants, serial_shops, shop_coins, shop,
          kennysheep_little_box, shop, corexii_shack, serial_bayou_lagoon_a
D:6:      uniq_menkaure
D:7:      led_sif_pool, nicolae_ossuary_entry_ruins, uniq_prince_ribbit1
D:8:      lemuel_crystal_altar, nicolae_overflow_crystal_walls,
          minmay_strange_pillars, grunt_livestock
D:9:      lair_0_dummy, zombieorc2_lemuel, uniq_grum, uniq_joseph
Temple:   chambers_temple_12
Lair:3:   grunt_forest_large_clearings
Lair:4:   minmay_shoals_entry_lonely_mermaid, basic_altar,
          infiniplex_staircase_pool_2
Lair:6:   spider_nest_entry_web_field, nicolae_volcano_entry_batcave,
          lemuel_fruit_tree, lemuel_fruit_fields
Lair:7:   lemuel_fruit_fields
Lair:8:   due_jungle_book, slime_altar_1, grunt_megastairs_2,
          bh_autumn_forest_stairs
Ossuary:  ossuary_zaba_flooded
Volcano:  volcano_pools

Action                   |  1- 3 |  4- 6 |  7- 9 | 10-12 | 13-15 || total
-------------------------+-------+-------+-------+-------+-------++-------
Melee: Flail             |    99 |   105 |   102 |       |       ||   306
       Mace              |       |       |   248 |  1186 |   213 ||  1647
       Dire flail        |       |       |       |       |   136 ||   136
Invok: Lesser Servant of |       |       |       |    17 |     4 ||    21
       Greater Servant o |       |       |       |     1 |     2 ||     3
Evoke: Wand              |       |       |       |     4 |       ||     4
  Use: Potion            |       |     5 |     2 |     5 |     1 ||    13
       Scroll            |       |       |    12 |    21 |     1 ||    34
 Stab: Distracted        |       |       |       |     4 |     3 ||     7
  Eat: Chunk             |     1 |     7 |    14 |    30 |    10 ||    62
       Meat ration       |       |       |     1 |       |       ||     1
       Fruit             |       |       |     1 |       |       ||     1
       Royal jelly       |       |       |       |     1 |     1 ||     2
       Bread ration      |       |       |       |     1 |       ||     1
